 Dungeon Crawl Stone Soup version 0.30-a0-121-gb27577e5d9 (webtiles) character file.

Game seed: 17838230133004266027

3913 LnG the Cleaver (level 10, -5/86 HPs)
             Began as a Hill Orc Fighter on Sept 14, 2022.
             Was a Believer of Uskayaw.
             Slain by Grum
             ... wielding a +0 spear
              (6 damage)
             ... on level 10 of the Dungeon.
             The game lasted 00:20:58 (11772 turns).

LnG the Cleaver (Hill Orc Fighter)                 Turns: 11772, Time: 00:20:59

Health: -5/86      AC: 14    Str: 30    XL:     10   Next: 20%
Magic:  10/10      EV:  9    Int:  8    God:    Uskayaw [**....]
Gold:   279        SH: 12    Dex: 10    Spells: 9/9 levels left

rFire   . . .      SeeInvis .    a - +0 war axe
rCold   . . .      Faith    .    B - +3 kite shield
rNeg    . . .      Spirit   .    b - +0 scale mail
rPois   .          Reflect  .    (no helmet)
rElec   .          Harm     .    p - +0 cloak
rCorr   .          Rampage  .    F - +0 pair of gloves
Will    .....                    E - +2 pair of boots
Stlth   +.........               (no amulet)
HPRegen 0.24/turn                y - +6 ring of strength
MPRegen 0.12/turn                (no ring)

@: about to teleport, slowed, very slow
A: no striking features
a: Renounce Religion, Stomp, Line Pass


You were on level 10 of the Dungeon.
You worshipped Uskayaw.
Uskayaw was noncommittal.
You visited 2 branches of the dungeon, and saw 11 of its levels.

You collected 516 gold pieces.
You spent 237 gold pieces at shops.

Inventory:

Hand Weapons
 a - a +0 war axe (weapon)
Missiles
 h - 5 boomerangs (quivered)
 n - a throwing net
Armour
 b - a +0 scale mail (worn)
 c - a +1 buckler
 p - a +0 cloak (worn)
 B - a +3 kite shield (worn)
 E - a +2 pair of boots (worn)
 F - a +0 pair of gloves (worn)
Jewellery
 y - a +6 ring of strength (left hand)
Wands
 j - a wand of digging (8)
 x - a wand of mindburst (13)
 z - a wand of iceblast (9)
 C - a wand of acid (12)
Scrolls
 d - a scroll of identify
 e - 2 scrolls of amnesia
 i - 4 scrolls of teleportation
 o - 2 scrolls of poison
 t - 2 scrolls of vulnerability
 w - 2 scrolls of immolation
Potions
 f - 2 potions of resistance
 g - 2 potions of attraction {unknown}
 k - 4 potions of curing
 l - 2 potions of degeneration {unknown}
 m - 2 potions of brilliance {unknown}
 q - 2 potions of berserk rage
 r - 2 potions of cancellation
 s - a potion of flight {unknown}
 u - 2 potions of lignification {unknown}
 v - 2 potions of mutation {unknown}
 G - a potion of might


   Skills:
 + Level 7.5 Fighting
 + Level 12.0 Axes
 + Level 8.2 Armour
 + Level 2.6 Dodging
 + Level 3.0 Stealth
 + Level 6.3 Shields


You had 9 spell levels left.
You didn't know any spells.
Your spell library contained the following spells:

 Spells                   Type           Power      Damage    Failure   Level
 Shock                    Conj/Air       0%         1d3       91%         1
 Gell's Gravitas          Tloc           0%         N/A       100%        3
 Swiftness                Air            0%         N/A       100%        3
 Teleport Other           Tloc           0%         N/A       100%        3
 Airstrike                Air            0%         2d(0-16)  100%        4
 Animate Dead             Necr           0%         N/A       100%        4
 Olgreb's Toxic Radiance  Pois           0%         N/A       100%        4
 Dispersal                Tloc           0%         N/A       100%        6
 Haunt                    Necr/Summ      0%         N/A       100%        7
 Ozocubu's Refrigeration  Ice            0%         4d7       100%        7
 Ignition                 Fire           0%         3d3       100%        8
 Infestation              Necr           0%         N/A       100%        8


Dungeon Overview and Level Annotations

Branches:
Dungeon (10/15)            Temple (1/1) D:5            Lair (0/5) D:8
    Orc: D:9-12

Altars:
Ashenzari
Cheibriados
Dithmenos
Elyvilon
Fedhas
Gozag
Hepliaklqana
Kikubaaqudgha
Makhleb
Nemelex Xobeh
Okawaru
Qazlal
Ru
Sif Muna
Trog
Uskayaw
Vehumet
Wu Jian
Xom
Yredelemnul
Zin
The Shining One

Shops:
D:1 (?(([   D:5 ?(

Annotations:
D:10 Erolcha, Fannar, Grum


Message History

The hornet stings you but does no damage.
You closely miss Fannar.
Fannar is moderately wounded.
You hit the hornet. You closely miss the ice beast.
Your surroundings suddenly seem different.
Erolcha, Grum and 3 wolves come into view.
Erolcha is wielding a +0 giant club and wearing a +0 robe of willpower.
Found 8 stones, 20 gold pieces and a forked glass wand.
Found a stone staircase leading down.
You feel very sick.
Erolcha shouts!
The wolf howls! x3
Erolcha mumbles some strange words.
Erolcha blinks!
The wolf barely misses you.
You feel better. You block the wolf's attack.
The wolf bites you but does no damage. The wolf barely misses you.
You block the wolf's attack. The wolf bites you.
* * * LOW HITPOINT WARNING * * *
You feel much better. You block the wolf's attack.
The wolf bites you but does no damage. The wolf bites you.
You block the wolf's attack. x2; The wolf bites you but does no damage.
The wolf closely misses you. The wolf misses you.
Grum hits you but does no damage.
As you read the scroll of teleportation, it crumbles to dust.
You feel strangely unstable. The wolf bites you. The wolf bites you!
The wolf bites you.
* * * LOW HITPOINT WARNING * * *
The wolf bites you!
* * * LOW HITPOINT WARNING * * *
The wolf bites you but does no damage. x2
Grum hits you from afar with a +0 spear!
* * * LOW HITPOINT WARNING * * *
The wolf bites you.
* * * LOW HITPOINT WARNING * * *
The wolf attacks as you move away! The wolf bites you.
* * * LOW HITPOINT WARNING * * *
The wolf attacks as you move away! The wolf barely misses you.
The wolf closely misses you. The wolf barely misses you.
The wolf completely misses you. The wolf bites you but does no damage.
Grum hits you from afar with a +0 spear.
You die...

.. .. ## #.
.#... #.
.#..#
#.#.#..#
##..(...
#####......#
.......h#..#
.......h#.#
.....Ogh@.#
........###
........#
/.....$.#
........#
........#
#########


You could see Erolcha, Grum and 3 wolves.

Vanquished Creatures
  Pikel (D:7)
  A troll (D:7)
  A culicivora (shapeshifter) (D:9)
  A wyvern (D:9)
  An acid dragon (D:8)
  3 orc warriors
  3 ice beasts
  A sky beast (D:7)
  4 ogres
  2 centaurs
  A phantom (D:6)
  A kobold brigand (D:8)
  3 bullfrogs
  2 necrophages (D:7)
  3 killer bees (D:9)
  5 howler monkeys
  A gnoll bouda (D:4)
  4 hounds
  2 jellies
  2 orc priests
  5 iguanas
  7 orc wizards
  4 gnolls
  6 adders
  5 white imps
  An ufetubus (D:5)
  4 worms
  4 dart slugs
  42 orcs
  4 ball pythons
  5 bats
  8 endoplasms
  3 giant cockroaches
  13 goblins
  7 hobgoblins
  5 jackals
  A quokka (D:4)
  3 frilled lizards
  10 kobolds
  9 rats
188 creatures vanquished.

Vanquished Creatures (others)
  An orc (D:5)
1 creature vanquished.

Grand Total: 189 creatures vanquished

Notes
Turn   | Place    | Note
-------+----------+-------------------------------------------
     0 | D:1      | LnG the Hill Orc Fighter began the quest for the Orb.
     0 | D:1      | Reached XP level 1. HP: 19/19 MP: 1/1
    29 | D:1      | Reached XP level 2. HP: 5/27 MP: 2/2
   270 | D:1      | Found Moujoa's Magic Scroll Emporium.
   408 | D:1      | Reached skill level 3 in Axes
   519 | D:1      | Found Viorirch's Antique Armour Emporium.
   597 | D:1      | Reached XP level 3. HP: 33/33 MP: 3/3
   627 | D:1      | Found Wiehol Qyly's Antique Weapon Boutique.
   721 | D:1      | Found Etrewkeq's Weapon Emporium.
   812 | D:1      | Found Coney's Antique Weapon Boutique.
  1132 | D:1      | Bought a scroll of teleportation for 30 gold pieces
  1132 | D:1      | Bought a scroll of identify for 20 gold pieces
  1409 | D:2      | Reached XP level 4. HP: 41/41 MP: 4/4
  1637 | D:2      | Reached skill level 4 in Axes
  1802 | D:1      | Bought a scroll of blinking for 75 gold pieces
  2061 | D:3      | Reached XP level 5. HP: 40/47 MP: 5/5
  2334 | D:3      | Found a faded altar of an unknown god.
  2367 | D:3      | You fall into a shaft and drop 1 floor!
  2704 | D:1      | Bought 3 scrolls of identify for 60 gold pieces
  2805 | D:4      | Reached skill level 5 in Axes
  3044 | D:4      | Reached XP level 6. HP: 33/53 MP: 6/6
  3475 | D:4      | Found a hide-covered altar of Uskayaw.
  3485 | D:4      | Became a worshipper of Uskayaw the Reveller
  3600 | D:5      | Entered Level 5 of the Dungeon
  3604 | D:5      | Reached * piety under Uskayaw
  3605 | D:5      | Reached skill level 6 in Axes
  3808 | D:5      | Reached ** piety under Uskayaw
  4264 | D:5      | Reached skill level 5 in Fighting
  4264 | D:5      | Reached skill level 7 in Axes
  4354 | D:4      | Reached XP level 7. HP: 44/61 MP: 7/7
  4616 | D:4      | Reached skill level 1 in Dodging
  4985 | D:5      | Found Vacumm's Weapon Shop.
  5069 | D:5      | Found a sacrificial altar of Ru.
  5107 | D:5      | Found a staircase to the Ecumenical Temple.
  5160 | Temple   | Entered the Ecumenical Temple
  5393 | D:5      | Found Mamen's Magic Scroll Shop.
  5397 | D:5      | Bought 2 scrolls of identify for 52 gold pieces
  5684 | D:6      | Reached skill level 8 in Axes
  5684 | D:6      | Reached skill level 5 in Armour
  5901 | D:6      | Noticed a troll
  6224 | D:6      | Reached *** piety under Uskayaw
  6226 | D:6      | Reached XP level 8. HP: 42/69 MP: 8/8
  6613 | D:6      | Reached **** piety under Uskayaw
  6892 | D:6      | Reached skill level 9 in Axes
  7338 | D:7      | Reached skill level 1 in Stealth
  7383 | D:7      | Found a blossoming altar of Fedhas.
  7522 | D:7      | Found a shimmering altar of Xom.
  7907 | D:7      | Noticed a troll
  8250 | D:7      | Found a stormy altar of Qazlal.
  8251 | D:7      | Found an opulent altar of Gozag.
  8258 | D:7      | Reached XP level 9. HP: 75/75 MP: 9/9
  8302 | D:7      | Reached skill level 10 in Axes
  8442 | D:7      | Found an ancient bone altar of Kikubaaqudgha.
  8505 | D:7      | Killed a troll
  8506 | D:7      | Reached skill level 5 in Shields
  9436 | D:8      | Noticed Pikel
  9456 | D:7      | Killed Pikel
  9457 | D:7      | Reached skill level 11 in Axes
  9619 | D:8      | Found a staircase to the Lair.
  9675 | D:8      | Found an ornate altar of the Wu Jian Council.
 10118 | D:8      | Found a glowing golden altar of the Shining One.
 10123 | D:8      | Found a snail-covered altar of Cheibriados.
 10127 | D:8      | Found a shimmering blue altar of Sif Muna.
 10561 | D:9      | Reached XP level 10. HP: 66/86 MP: 10/10
 11583 | D:9      | Reached skill level 12 in Axes
 11749 | D:10     | Entered Level 10 of the Dungeon
 11749 | D:10     | Noticed Fannar
 11759 | D:10     | Paralysed by a hornet for 3 turns
 11768 | D:10     | Noticed Erolcha
 11768 | D:10     | Noticed Grum
 11771 | D:10     | HP: 4/86 [Grum/+0 spear (9)]
 11772 | D:10     | HP: 1/86 [wolf[Grum] (2)]
 11772 | D:10     | Slain by Grum

Illustrated notes

Levels and vault maps discovered:
D:1:      lemuel_arrival_muddy, layout_basic, serial_shops,
          nicolae_shop_crystal, nicolae_shop_stone, nicolae_shop_waterfront,
          shop, nicolae_shop_overgrown_old_shop
D:2:      layout_rooms
D:3:      layout_basic, shapermc_ecumenical_altar_ellora
D:4:      layout_loops_cross, nicolae_uskayaw_dance_hall, kennysheep_nub
D:5:      nicolae_BIG_FREAKIN_CUBE, layout_rooms,
          mainiacjoe_overflow_surrounded_room, lemuel_temple_firewalk_b,
          serial_shops, shop_statue, nicolae_shop_bloodbath_and_beyond,
          grunt_ministairs_1
D:6:      layout_basic
D:7:      layout_basic, nicolae_overflow_crystal_walls,
          mainiacjoe_overflow_paths, mainiacjoe_overflow_chevrons,
          gammafunk_temple_overflow_statue
D:8:      layout_loops_cross, grunt_temple_overflow_diamond,
          nzn_wu_jian_contemplation, lair_entry_dummy, uniq_pikel
D:9:      layout_basic
D:10:     layout_rooms, uniq_erolcha, uniq_fannar, uniq_grum
Temple:   jpeg_temple_clearing

Skill      XL: |  1  2  3  4  5  6  7  8  9 10 |
---------------+-------------------------------+-----
Axes           | 3 4 5 7 8 9 11 12 | 12.0
Fighting       | 4 5 6 7 |  7.5
Armour         | 4 5 6 7 8 |  8.2
Shields        | 4 6 |  6.3
Dodging        | 1 2 |  2.6
Stealth        | 1 2 3 |  3.0

Action                   |  1- 3 |  4- 6 |  7- 9 | 10-12 || total
-------------------------+-------+-------+-------+-------++-------
Melee: War axe           |    67 |   179 |   315 |    68 ||   629
  Use: Scroll            |       |     9 |     5 |     5 ||    19
       Potion            |       |       |     1 |     2 ||     3
 Stab: Paralysed         |       |       |    11 |     2 ||    13
Armor: Scale mail        |    33 |    68 |   106 |    43 ||   250
Dodge: Dodged            |    36 |    78 |    85 |    43 ||   242
Block: Buckler           |    14 |    57 |    31 |       ||   102
       Kite shield       |       |       |   102 |    66 ||   168

Table legend: (Time is in decaauts)
 A = Elapsed time spent in this place.
 B = Non-inter-level travel time spent in this place.
 C = Inter-level travel time spent in this place.
 D = Time resting spent in this place.
 E = Time spent auto-exploring this place.
 F = Levels seen in this place.
 G = Mean time per level.
                   A        B        C        D        E       F      G
               +--------+--------+--------+--------+--------+-----+--------+
         Total |  11912 |  11076 |    836 |   3419 |   5764 |  11 | 1082.9 |
       Dungeon |  11773 |  10954 |    819 |   3419 |   5654 |  10 | 1177.3 |
        Temple |    139 |    122 |     17 |      0 |    110 |   1 |  139.0 |
               +--------+--------+--------+--------+--------+-----+--------+

Top non-repeatable levels by time:
     D:7: 2321 daAuts
     D:5: 1633 daAuts
     D:6: 1524 daAuts
     D:1: 1345 daAuts
     D:4: 1305 daAuts
     D:9: 1294 daAuts
     D:8: 865 daAuts
     D:3: 772 daAuts
     D:2: 680 daAuts
  Temple: 139 daAuts
    D:10: 29 daAuts
